Capitals vs Devils
Created - February 19, 2020 at 19:00
Goals
|
| Capitals |
2 |
2 |
1 |
5 |
| Devils |
0 |
0 |
1 |
1 |
|
Shots
|
| Capitals |
12 |
13 |
7 |
32 |
| Devils |
15 |
5 |
8 |
28 |
|
1st period
1. Capitals , Ryan Getzlaf 8 (Jason Pominville 23, Patrick Sharp 15) at 1:59
2. Capitals , Joe Thornton 19 (Joe Pavelski 20) at 8:55
Penalties :
Ryan Getzlaf (Was) for Tripping (Minor) at 3:21, Nick Leddy (Was) for Holding (Minor) at 18:37
2nd period
3. Capitals , Thomas Vanek 14 (Joe Thornton 28, Joe Pavelski 21) at 13:46
4. Capitals , Brent Burns 4 (Ondrej Palat 1, Mikko Koivu 6) at 19:44
Penalties :
Thomas Vanek (Was) for Hooking (Minor) at 6:13, Joe Thornton (Was) for Diving (Minor) at 14:43
3rd period
5. Capitals , Jason Pominville 15 (Joe Pavelski 22) at 1:27 (SH)
6. Devils , Kellan Lain 8 (Shea Weber 20, Travis Hamonic 16) at 10:10
Penalties :
Brent Seabrook (Was) for Tripping (Minor) at 0:28, Shea Weber (NJD) for Hooking (Minor) at 4:47, Brady Skjei (NJD) for High sticking (Minor) at 6:57
Goalie Stats
Tuukka Rask (Was), 27 saves from 28 shots - (0.964), W, 12-12-4, 60:00 minutes
Keith Kinkaid (NJD), 27 saves from 32 shots - (0.844), L, 5-5-0, 60:00 minutes
Players Stats for Capitals
Player Name G A P +/- PIM S H SB GA TA FO MP PP MP PK MP
------------------------------------------------------------------------------------
Blake Wheeler 0 0 0 0 0 1 2 1 0 0 0/0 10:28 0:00 0:00
Brent Burns 1 0 1 2 0 1 2 1 0 2 0/0 27:47 2:39 6:06
Brent Seabrook 0 0 0 2 2 2 1 0 1 0 0/0 26:14 2:39 4:30
Brian McGrattan 0 0 0 0 0 0 0 1 0 0 1/1 9:38 0:00 1:57
Jason Pominville 1 1 2 2 0 5 1 0 0 1 0/0 17:34 1:49 2:30
Jeff Skinner 0 0 0 0 0 1 1 0 0 0 0/0 8:21 0:00 0:40
Joe Pavelski 0 3 3 3 0 6 1 1 0 1 1/2 19:22 2:09 2:30
Joe Thornton 1 1 2 2 2 3 2 1 1 1 18/33 21:30 2:09 4:39
Josh Manson 0 0 0 2 0 0 3 0 0 2 0/0 13:35 0:00 1:36
Justin Faulk 0 0 0 0 0 1 0 3 0 1 0/0 20:14 1:19 3:49
Mikko Koivu 0 1 1 0 0 1 1 0 0 1 4/6 10:28 0:00 0:00
Nick Leddy 0 0 0 2 2 2 0 1 1 1 0/0 12:10 0:00 0:00
Ondrej Palat 0 1 1 0 0 0 0 0 0 0 0/0 11:58 0:00 1:30
Patrick Sharp 0 1 1 1 0 0 1 0 1 0 0/1 14:52 1:49 0:00
Ryan Getzlaf 1 0 1 1 2 2 1 0 0 0 3/8 14:54 1:49 0:00
Ryan Nugent-Hopkins 0 0 0 0 0 1 0 1 0 0 2/3 8:40 0:00 1:14
Ryan Suter 0 0 0 0 0 1 1 2 0 0 0/0 20:14 1:19 3:49
Thomas Vanek 1 0 1 2 2 5 1 0 0 1 1/2 22:01 2:09 4:50
Players Stats for Devils
Player Name G A P +/- PIM S H SB GA TA FO MP PP MP PK MP
------------------------------------------------------------------------------------
Anthony Stewart 0 0 0 -1 0 0 3 0 0 0 0/0 11:36 3:42 0:00
Brady Skjei 0 0 0 -3 2 2 2 2 1 1 0/0 23:44 6:51 0:32
Brandon Burlon 0 0 0 -1 0 0 0 0 0 0 0/0 11:58 0:00 0:00
Gabriel Landeskog 0 0 0 -1 0 3 0 0 0 1 2/2 16:07 0:02 2:08
Johnny Gaudreau 0 0 0 -2 0 0 0 0 1 0 1/2 22:15 6:11 0:52
Jordan Caron 0 0 0 0 0 1 2 1 0 1 0/1 9:46 0:02 0:00
Kellan Lain 1 0 1 0 0 4 0 0 1 0 0/1 13:18 3:42 0:34
Kevin Porter 0 0 0 0 0 4 1 0 0 0 2/2 10:35 0:00 1:32
Ladislav Smid 0 0 0 -1 0 1 1 0 0 1 0/0 14:15 0:00 2:17
Marian Hossa 0 0 0 -2 0 2 1 0 1 0 0/0 19:28 6:11 0:00
Riley Sheahan 0 0 0 -1 0 1 2 0 1 0 4/14 19:34 3:42 2:15
Rostislav Olesz 0 0 0 -1 0 0 1 0 0 0 0/0 8:17 0:02 0:00
Shea Weber 0 1 1 1 2 2 1 0 2 0 0/0 22:31 6:51 0:48
Tobias Enstrom 0 0 0 0 0 1 1 2 1 0 0/0 22:43 3:04 2:05
Travis Hamonic 0 1 1 -4 0 4 1 1 0 0 0/0 24:53 3:04 2:14
Tyler Bozak 0 0 0 -1 0 2 0 0 1 0 3/5 7:56 0:00 0:00
Tyler Seguin 0 0 0 -2 0 1 1 0 2 0 13/27 21:58 6:11 0:35
Viktor Arvidsson 0 0 0 -1 0 0 0 0 0 0 1/2 15:06 0:00 0:00
3 Stars
1 - Joe Pavelski (Was)
2 - Jason Pominville (Was)
3 - Joe Thornton (Was)
Power Play
Capitals - 0 on 2 Attempt(s) - 0.00%
Devils - 0 on 5 Attempt(s) - 0.00%
Penalty Kill
Capitals - 5 on 5 Attempt(s) - 100.00%
- Score 1 goal in Penalty Kill
Devils - 2 on 2 Attempt(s) - 100.00%
- Score 0 goal in Penalty Kill
Team Stat
Capitals - Hits : 18 - Faceoff Wins : 30 - Blocked Shots : 12 - Penalty Minutes : 10
Devils - Hits : 17 - Faceoff Wins : 26 - Blocked Shots : 6 - Penalty Minutes : 4
Official
Referees : Unknown
Linesman : Unknown
Game Notes
No Game Note
Finance
Level 1 -- Attendance: 4749 (79.15%) -- Ticket Income $522,390
Level 2 -- Attendance: 3550 (71.00%) -- Ticket Income $248,500
Level 3 -- Attendance: 1442 (72.10%) -- Ticket Income $66,332
Level 4 -- Attendance: 3409 (85.23%) -- Ticket Income $102,270
Luxury Box -- Attendance: 914 (91.40%) -- Ticket Income $164,520
Game was played at the The prudential Center.
Total Attendance: 14064 (78.13%)
Total Ticket Income: $1,104,012
Other Income: $165,602
Total Income: $1,269,614
Capitals
5 vs 5 Forward
Center Left Wing Right Wing Time % Phy DF OF
1 Joe Thornton Thomas Vanek Joe Pavelski 40 1 2 2
2 Ryan Getzlaf Patrick Sharp Jason Pominville 30 1 2 2
3 Mikko Koivu Ondrej Palat Blake Wheeler 20 1 2 2
4 Ryan Nugent-Hopkins Jeff Skinner Brian McGrattan 10 1 2 2
5 vs 5 Defense
Defense Defense Time % Phy DF OF
1 Brent Burns Brent Seabrook 40 1 2 2
2 Ryan Suter Justin Faulk 30 1 2 2
3 Nick Leddy Josh Manson 20 1 2 2
4 Brent Burns Brent Seabrook 10 1 2 2
PowerPlay Forward
Center Left Wing Right Wing Time % Phy DF OF
1 Joe Thornton Thomas Vanek Joe Pavelski 60 1 2 2
2 Ryan Getzlaf Patrick Sharp Jason Pominville 40 1 2 2
PowerPlay Defense
Defense Defense Time % Phy DF OF
1 Brent Burns Brent Seabrook 60 1 2 2
2 Ryan Suter Justin Faulk 40 1 2 2
Penalty Kill 4 Players Forward
Center Wing Time % Phy DF OF
1 Joe Thornton Thomas Vanek 60 1 2 2
2 Joe Pavelski Jason Pominville 40 1 2 2
Penalty Kill 4 Players Defense
Defense Defense Time % Phy DF OF
1 Brent Burns Brent Seabrook 60 1 2 2
2 Ryan Suter Justin Faulk 40 1 2 2
Penalty Kill - 3 Players Forward
Forward Time % Phy DF OF
1 Joe Thornton 60 1 2 2
2 Thomas Vanek 40 1 2 2
Penalty Kill - 3 Players Defense
Defense Defense Time % Phy DF OF
1 Brent Burns Brent Seabrook 60 1 2 2
2 Ryan Suter Justin Faulk 40 1 2 2
4 vs 4 Forward
Center Wing Time % Phy DF OF
1 Joe Thornton Thomas Vanek 60 1 2 2
2 Joe Pavelski Jason Pominville 40 1 2 2
4 vs 4 Defense
Defense Defense Time % Phy DF OF
1 Brent Burns Brent Seabrook 60 1 2 2
2 Ryan Suter Justin Faulk 40 1 2 2
Last Minutes Offensive
Center Left Wing Right Wing Defense Defense
Joe Thornton Thomas Vanek Joe Pavelski Brent Burns Brent Seabrook
Last Minutes Defensive
Center Left Wing Right Wing Defense Defense
Joe Thornton Thomas Vanek Joe Pavelski Brent Burns Brent Seabrook
Goaltenders
Starting : Tuukka Rask
Backup : Mike Smith
Extra Forwards
Normal : Blake Wheeler, Mikko Koivu, Brian McGrattan - PP : Blake Wheeler, Mikko Koivu - PK : Brian McGrattan
Extra Defensemen
Normal : Nick Leddy, Josh Manson, Ryan Suter - PP : Nick Leddy - PK : Josh Manson, Ryan Suter
Penalty Shots
Joe Thornton, Thomas Vanek, Joe Pavelski, Jason Pominville, Patrick Sharp
Scratches
None
Devils
5 vs 5 Forward
Center Left Wing Right Wing Time % Phy DF OF
1 Tyler Seguin Johnny Gaudreau Viktor Arvidsson 40 1 2 2
2 Riley Sheahan Gabriel Landeskog Marian Hossa 30 1 2 2
3 Kevin Porter Kellan Lain Jordan Caron 20 1 2 2
4 Tyler Bozak Rostislav Olesz Anthony Stewart 10 1 2 2
5 vs 5 Defense
Defense Defense Time % Phy DF OF
1 Travis Hamonic Brady Skjei 40 1 2 2
2 Shea Weber Tobias Enstrom 30 1 2 2
3 Ladislav Smid Brandon Burlon 20 1 2 2
4 Travis Hamonic Tobias Enstrom 10 1 2 2
PowerPlay Forward
Center Left Wing Right Wing Time % Phy DF OF
1 Tyler Seguin Johnny Gaudreau Marian Hossa 60 1 2 2
2 Riley Sheahan Kellan Lain Anthony Stewart 40 1 2 2
PowerPlay Defense
Defense Defense Time % Phy DF OF
1 Shea Weber Brady Skjei 60 1 2 2
2 Tobias Enstrom Travis Hamonic 40 1 2 2
Penalty Kill 4 Players Forward
Center Wing Time % Phy DF OF
1 Riley Sheahan Gabriel Landeskog 60 1 2 2
2 Kevin Porter Kellan Lain 40 1 2 2
Penalty Kill 4 Players Defense
Defense Defense Time % Phy DF OF
1 Travis Hamonic Shea Weber 60 1 2 2
2 Tobias Enstrom Ladislav Smid 40 1 2 2
Penalty Kill - 3 Players Forward
Forward Time % Phy DF OF
1 Gabriel Landeskog 60 1 2 2
2 Kevin Porter 40 1 2 2
Penalty Kill - 3 Players Defense
Defense Defense Time % Phy DF OF
1 Travis Hamonic Shea Weber 60 1 2 2
2 Tobias Enstrom Ladislav Smid 40 1 2 2
4 vs 4 Forward
Center Wing Time % Phy DF OF
1 Tyler Seguin Gabriel Landeskog 60 1 2 2
2 Johnny Gaudreau Viktor Arvidsson 40 1 2 2
4 vs 4 Defense
Defense Defense Time % Phy DF OF
1 Travis Hamonic Shea Weber 60 1 2 2
2 Tobias Enstrom Brady Skjei 40 1 2 2
Last Minutes Offensive
Center Left Wing Right Wing Defense Defense
Tyler Seguin Johnny Gaudreau Viktor Arvidsson Travis Hamonic Shea Weber
Last Minutes Defensive
Center Left Wing Right Wing Defense Defense
Riley Sheahan Gabriel Landeskog Marian Hossa Travis Hamonic Shea Weber
Goaltenders
Starting : Keith Kinkaid
Backup : Antti Niemi
Extra Forwards
Normal : Gabriel Landeskog, Rostislav Olesz, Kevin Porter - PP : Gabriel Landeskog, Rostislav Olesz - PK : Kevin Porter
Extra Defensemen
Normal : Brady Skjei, Ladislav Smid, Tobias Enstrom - PP : Brady Skjei - PK : Ladislav Smid, Tobias Enstrom
Penalty Shots
Tyler Seguin, Viktor Arvidsson, Johnny Gaudreau, Riley Sheahan, Gabriel Landeskog
Scratches
Radko Gudas (Back Spasms Injury)
% Time on Ice - Capitals
Lines # - Real PCT - Wanted PCT - Time Play
Normal Forward
1 - 33% - 40% - 15:03
2 - 29% - 30% - 13:15
3 - 23% - 20% - 10:28
4 - 16% - 10% - 7:21
Normal Defense
1 - 39% - 40% - 17:56
2 - 33% - 30% - 15:06
3 - 26% - 20% - 11:59
4 - 2% - 10% - 1:06
PP Forward
1 - 54% - 60% - 2:09
2 - 46% - 40% - 1:49
PP Defense
1 - 67% - 60% - 2:39
2 - 33% - 40% - 1:19
PK Forward
1 - 75% - 60% - 7:25
2 - 25% - 40% - 2:30
PK Defense
1 - 62% - 60% - 6:06
2 - 38% - 40% - 3:49
PK3 Forward
1 - 0% - 60%
2 - 0% - 40%
PK3 Defense
1 - 0% - 60%
2 - 0% - 40%
44 Forward
1 - 0% - 60%
2 - 0% - 40%
44 Defense
1 - 0% - 60%
2 - 0% - 40%
Last Minute Offensive - 0:00
Last Minute Defensive - 0:00
Total
Forward - 60:00
Defense - 60:00
|
% Time on Ice - Devils
Lines # - Real PCT - Wanted PCT - Time Play
Normal Forward
1 - 34% - 40% - 15:31
2 - 30% - 30% - 13:37
3 - 20% - 20% - 9:03
4 - 17% - 10% - 7:56
Normal Defense
1 - 36% - 40% - 16:35
2 - 34% - 30% - 15:44
3 - 26% - 20% - 11:58
4 - 4% - 10% - 1:50
PP Forward
1 - 63% - 60% - 6:13
2 - 37% - 40% - 3:42
PP Defense
1 - 69% - 60% - 6:51
2 - 31% - 40% - 3:04
PK Forward
1 - 86% - 60% - 3:24
2 - 14% - 40% - 0:34
PK Defense
1 - 56% - 60% - 2:14
2 - 44% - 40% - 1:44
PK3 Forward
1 - 0% - 60%
2 - 0% - 40%
PK3 Defense
1 - 0% - 60%
2 - 0% - 40%
44 Forward
1 - 0% - 60%
2 - 0% - 40%
44 Defense
1 - 0% - 60%
2 - 0% - 40%
Last Minute Offensive - 0:00
Last Minute Defensive - 0:00
Total
Forward - 60:00
Defense - 60:00
|
Play-by-Play
1st period
0:01 of 1st period - Tyler Seguin wins face-off versus Joe Thornton in neutral zone.
0:26 of 1st period - Marian Hossa is hit by Jason Pominville and loses puck.
1:51 of 1st period - Icing by Patrick Sharp.
1:52 of 1st period - Ryan Getzlaf wins face-off versus Riley Sheahan in Capitals zone.
1:59 of 1st period - Slapshot by Ryan Getzlaf.
1:59 of 1st period - Goal by Ryan Getzlaf - Capitals : 1 - Devils : 0.
2:00 of 1st period - Joe Thornton wins face-off versus Viktor Arvidsson in neutral zone.
2:31 of 1st period - Wrist shot by Kellan Lain.
2:31 of 1st period - Stopped by Tuukka Rask with a rebound.
2:33 of 1st period - Wrist shot by Travis Hamonic.
2:33 of 1st period - Stopped by Tuukka Rask with a rebound.
2:35 of 1st period - Slapshot by Travis Hamonic.
2:35 of 1st period - Stopped by Tuukka Rask without a rebound.
2:36 of 1st period - Riley Sheahan wins face-off versus Mikko Koivu in Capitals zone.
2:39 of 1st period - Slapshot by Marian Hossa.
2:39 of 1st period - Stopped by Tuukka Rask without a rebound.
2:40 of 1st period - Ryan Getzlaf wins face-off versus Riley Sheahan in Capitals zone.
2:47 of 1st period - Snap shot by Jason Pominville.
2:47 of 1st period - Stopped by Keith Kinkaid with a rebound.
2:55 of 1st period - Snap shot by Riley Sheahan.
2:55 of 1st period - Stopped by Tuukka Rask without a rebound.
2:56 of 1st period - Viktor Arvidsson wins face-off versus Joe Thornton in Capitals zone.
3:11 of 1st period - Snap shot by Tyler Seguin.
3:11 of 1st period - Shot Blocked by Brent Burns.
3:13 of 1st period - Slapshot by Travis Hamonic.
3:13 of 1st period - Stopped by Tuukka Rask without a rebound.
3:14 of 1st period - Kevin Porter wins face-off versus Ryan Getzlaf in Capitals zone.
3:19 of 1st period - Slapshot by Kevin Porter.
3:19 of 1st period - Stopped by Tuukka Rask with a rebound.
3:21 of 1st period - Minor Penalty to Ryan Getzlaf for Tripping.
3:22 of 1st period - Tyler Seguin wins face-off versus Joe Thornton in Capitals zone.
3:57 of 1st period - Slapshot by Joe Pavelski.
3:57 of 1st period - Shot Misses the Net.
3:59 of 1st period - Wrist shot by Jason Pominville.
3:59 of 1st period - Stopped by Keith Kinkaid without a rebound.
4:00 of 1st period - Tyler Seguin wins face-off versus Joe Thornton in Devils zone.
4:15 of 1st period - Snap shot by Tyler Seguin.
4:15 of 1st period - Shot Misses the Net.
5:21 of 1st period - Penalty to Ryan Getzlaf is over, Ryan Getzlaf is back on ice.
6:01 of 1st period - Wrist shot by Jason Pominville.
6:01 of 1st period - Stopped by Keith Kinkaid with a rebound.
7:00 of 1st period - Off-side.
7:01 of 1st period - Gabriel Landeskog wins face-off versus Joe Thornton in neutral zone.
7:03 of 1st period - Off-side.
7:04 of 1st period - Joe Thornton wins face-off versus Riley Sheahan in neutral zone.
7:45 of 1st period - Snap shot by Gabriel Landeskog.
7:45 of 1st period - Stopped by Tuukka Rask with a rebound.
7:59 of 1st period - Patrick Sharp is hit by Riley Sheahan.
8:07 of 1st period - Snap shot by Patrick Sharp.
8:07 of 1st period - Shot Misses the Net.
8:43 of 1st period - Snap shot by Kellan Lain.
8:43 of 1st period - Shot Misses the Net.
8:45 of 1st period - Slapshot by Ladislav Smid.
8:45 of 1st period - Stopped by Tuukka Rask without a rebound.
8:46 of 1st period - Joe Thornton wins face-off versus Jordan Caron in Capitals zone.
8:51 of 1st period - Snap shot by Joe Pavelski.
8:51 of 1st period - Shot Blocked by Jordan Caron.
8:53 of 1st period - Slapshot by Joe Thornton.
8:53 of 1st period - Stopped by Keith Kinkaid with a rebound.
8:55 of 1st period - Wrist shot by Joe Thornton.
8:55 of 1st period - Goal by Joe Thornton - Capitals : 2 - Devils : 0.
8:56 of 1st period - Joe Thornton wins face-off versus Tyler Seguin in neutral zone.
10:00 of 1st period - Justin Faulk is hit by Anthony Stewart and loses puck.
10:41 of 1st period - Wrist shot by Kevin Porter.
10:41 of 1st period - Stopped by Tuukka Rask with a rebound.
10:43 of 1st period - Snap shot by Kellan Lain.
10:43 of 1st period - Deflect By Kevin Porter.
10:43 of 1st period - Stopped by Tuukka Rask with a rebound.
10:45 of 1st period - Snap shot by Kellan Lain.
10:45 of 1st period - Stopped by Tuukka Rask with a rebound.
10:47 of 1st period - Snap shot by Kevin Porter.
10:47 of 1st period - Stopped by Tuukka Rask with a rebound.
10:49 of 1st period - Slapshot by Travis Hamonic.
10:49 of 1st period - Stopped by Tuukka Rask without a rebound.
10:50 of 1st period - Joe Thornton wins face-off versus Tyler Seguin in Capitals zone.
10:50 of 1st period - Joe Thornton is hit by Tobias Enstrom.
11:39 of 1st period - Slapshot by Brent Seabrook.
11:39 of 1st period - Stopped by Keith Kinkaid without a rebound.
11:40 of 1st period - Mikko Koivu wins face-off versus Kellan Lain in Devils zone.
11:41 of 1st period - Slapshot by Justin Faulk.
11:41 of 1st period - Deflect By Tobias Enstrom.
11:41 of 1st period - Stopped by Keith Kinkaid without a rebound.
11:42 of 1st period - Tyler Seguin wins face-off versus Mikko Koivu in Devils zone.
11:53 of 1st period - Slapshot by Tyler Seguin.
11:53 of 1st period - Shot Misses the Net.
11:55 of 1st period - Slapshot by Shea Weber.
11:55 of 1st period - Shot Blocked by Justin Faulk.
11:57 of 1st period - Wrist shot by Tyler Seguin.
11:57 of 1st period - Shot Misses the Net.
12:35 of 1st period - Wrist shot by Joe Pavelski.
12:35 of 1st period - Stopped by Keith Kinkaid with a rebound.
12:37 of 1st period - Snap shot by Joe Pavelski.
12:37 of 1st period - Stopped by Keith Kinkaid with a rebound.
12:39 of 1st period - Wrist shot by Joe Pavelski.
12:39 of 1st period - Shot Misses the Net.
12:41 of 1st period - Wrist shot by Ryan Suter.
12:41 of 1st period - Shot Misses the Net.
13:04 of 1st period - Icing by Travis Hamonic.
13:05 of 1st period - Tyler Bozak wins face-off versus Joe Thornton in Devils zone.
13:19 of 1st period - Icing by Brent Seabrook.
13:20 of 1st period - Tyler Seguin wins face-off versus Joe Pavelski in Capitals zone.
14:35 of 1st period - Snap shot by Travis Hamonic.
14:35 of 1st period - Shot Misses the Net.
14:37 of 1st period - Slapshot by Travis Hamonic.
14:37 of 1st period - Shot Blocked by Blake Wheeler.
14:39 of 1st period - Slapshot by Anthony Stewart.
14:39 of 1st period - Shot Misses the Net.
14:41 of 1st period - Snap shot by Anthony Stewart.
14:41 of 1st period - Shot Blocked by Ryan Suter.
15:37 of 1st period - Slapshot by Ryan Suter.
15:37 of 1st period - Stopped by Keith Kinkaid without a rebound.
15:38 of 1st period - Mikko Koivu wins face-off versus Riley Sheahan in Devils zone.
15:51 of 1st period - Riley Sheahan is hit by Blake Wheeler and loses puck.
16:24 of 1st period - Snap shot by Mikko Koivu.
16:24 of 1st period - Stopped by Keith Kinkaid without a rebound.
16:25 of 1st period - Johnny Gaudreau wins face-off versus Thomas Vanek in Devils zone.
18:23 of 1st period - Jordan Caron is hit by Josh Manson.
18:37 of 1st period - Minor Penalty to Nick Leddy for Holding.
18:38 of 1st period - Joe Thornton wins face-off versus Tyler Seguin in Capitals zone.
19:31 of 1st period - Slapshot by Shea Weber.
19:31 of 1st period - Stopped by Tuukka Rask with a rebound.
Goals for this period are 2 for Capitals vs 0 for Devils.
Shots for this period are 12 for Capitals vs 15 for Devils.
2nd period
0:01 of 2nd period - Tyler Seguin wins face-off versus Joe Thornton in neutral zone.
0:04 of 2nd period - Slapshot by Shea Weber.
0:04 of 2nd period - Stopped by Tuukka Rask without a rebound.
0:05 of 2nd period - Tyler Seguin wins face-off versus Joe Thornton in Capitals zone.
0:37 of 2nd period - Penalty to Nick Leddy is over, Nick Leddy is back on ice.
0:42 of 2nd period - Wrist shot by Kellan Lain.
0:42 of 2nd period - Stopped by Tuukka Rask with a rebound.
1:34 of 2nd period - Slapshot by Brian McGrattan.
1:34 of 2nd period - Shot Misses the Net.
1:36 of 2nd period - Snap shot by Ryan Nugent-Hopkins.
1:36 of 2nd period - Stopped by Keith Kinkaid with a rebound.
3:23 of 2nd period - Riley Sheahan is hit by Mikko Koivu and loses puck.
4:11 of 2nd period - Nick Leddy is hit by Rostislav Olesz and loses puck.
4:24 of 2nd period - Snap shot by Jeff Skinner.
4:24 of 2nd period - Stopped by Keith Kinkaid with a rebound.
4:26 of 2nd period - Snap shot by Joe Thornton.
4:26 of 2nd period - Stopped by Keith Kinkaid with a rebound.
4:28 of 2nd period - Slapshot by Thomas Vanek.
4:28 of 2nd period - Stopped by Keith Kinkaid without a rebound.
4:29 of 2nd period - Tyler Seguin wins face-off versus Joe Thornton in Devils zone.
4:55 of 2nd period - Tobias Enstrom is hit by Brent Seabrook and loses puck.
5:04 of 2nd period - Slapshot by Jason Pominville.
5:04 of 2nd period - Deflect By Ryan Getzlaf.
5:04 of 2nd period - Shot Misses the Net.
5:04 of 2nd period - Puck is out of play.
5:05 of 2nd period - Tyler Seguin wins face-off versus Ryan Getzlaf in Devils zone.
5:36 of 2nd period - Icing by Patrick Sharp.
5:37 of 2nd period - Kevin Porter wins face-off versus Ryan Getzlaf in Capitals zone.
6:13 of 2nd period - Minor Penalty to Thomas Vanek for Hooking.
6:14 of 2nd period - Joe Thornton wins face-off versus Tyler Seguin in Capitals zone.
8:13 of 2nd period - Penalty to Thomas Vanek is over, Thomas Vanek is back on ice.
8:22 of 2nd period - Slapshot by Brent Seabrook.
8:22 of 2nd period - Shot Blocked by Tobias Enstrom.
8:40 of 2nd period - Snap shot by Jason Pominville.
8:40 of 2nd period - Stopped by Keith Kinkaid with a rebound.
9:34 of 2nd period - Brady Skjei is hit by Josh Manson and loses puck.
10:08 of 2nd period - Ryan Suter is hit by Kevin Porter and loses puck.
10:55 of 2nd period - Johnny Gaudreau is hit by Josh Manson.
12:23 of 2nd period - Ladislav Smid is hit by Patrick Sharp and loses puck.
12:38 of 2nd period - Slapshot by Nick Leddy.
12:38 of 2nd period - Stopped by Keith Kinkaid without a rebound.
12:39 of 2nd period - Ryan Nugent-Hopkins wins face-off versus Riley Sheahan in Devils zone.
12:50 of 2nd period - Wrist shot by Gabriel Landeskog.
12:50 of 2nd period - Shot Blocked by Ryan Nugent-Hopkins.
12:56 of 2nd period - Snap shot by Riley Sheahan.
12:56 of 2nd period - Shot Blocked by Brian McGrattan.
12:58 of 2nd period - Wrist shot by Gabriel Landeskog.
12:58 of 2nd period - Stopped by Tuukka Rask with a rebound.
13:00 of 2nd period - Slapshot by Gabriel Landeskog.
13:00 of 2nd period - Stopped by Tuukka Rask with a rebound.
13:02 of 2nd period - Snap shot by Riley Sheahan.
13:02 of 2nd period - Shot Misses the Net.
13:04 of 2nd period - Snap shot by Brady Skjei.
13:04 of 2nd period - Shot Misses the Net.
13:06 of 2nd period - Slapshot by Shea Weber.
13:06 of 2nd period - Shot Misses the Net.
13:08 of 2nd period - Slapshot by Shea Weber.
13:08 of 2nd period - Deflect By Riley Sheahan.
13:08 of 2nd period - Deflect By Justin Faulk.
13:08 of 2nd period - Shot Blocked by Justin Faulk.
13:08 of 2nd period - Puck is out of play.
13:09 of 2nd period - Thomas Vanek wins face-off versus Tyler Seguin in Capitals zone.
13:19 of 2nd period - Wrist shot by Joe Pavelski.
13:19 of 2nd period - Shot Misses the Net.
13:21 of 2nd period - Snap shot by Joe Pavelski.
13:21 of 2nd period - Deflect By Thomas Vanek.
13:21 of 2nd period - Stopped by Keith Kinkaid without a rebound.
13:22 of 2nd period - Joe Thornton wins face-off versus Tyler Seguin in Devils zone.
13:27 of 2nd period - Slapshot by Joe Pavelski.
13:27 of 2nd period - Stopped by Keith Kinkaid with a rebound.
13:29 of 2nd period - Slapshot by Brent Burns.
13:29 of 2nd period - Shot Blocked by Brady Skjei.
13:34 of 2nd period - Icing by Travis Hamonic.
13:35 of 2nd period - Joe Thornton wins face-off versus Tyler Seguin in Devils zone.
13:44 of 2nd period - Backhand shot by Joe Thornton.
13:44 of 2nd period - Shot Misses the Net.
13:46 of 2nd period - Snap shot by Thomas Vanek.
13:46 of 2nd period - Goal by Thomas Vanek - Capitals : 3 - Devils : 0.
13:47 of 2nd period - Joe Thornton wins face-off versus Tyler Seguin in neutral zone.
13:56 of 2nd period - Backhand shot by Thomas Vanek.
13:56 of 2nd period - Stopped by Keith Kinkaid with a rebound.
13:58 of 2nd period - Slapshot by Thomas Vanek.
13:58 of 2nd period - Shot Misses the Net.
14:00 of 2nd period - Slapshot by Brent Seabrook.
14:00 of 2nd period - Shot Blocked by Brady Skjei.
14:02 of 2nd period - Slapshot by Brent Seabrook.
14:02 of 2nd period - Stopped by Keith Kinkaid without a rebound.
14:03 of 2nd period - Riley Sheahan wins face-off versus Ryan Getzlaf in Devils zone.
14:43 of 2nd period - Minor Penalty to Joe Thornton for Diving.
14:44 of 2nd period - Brian McGrattan wins face-off versus Tyler Seguin in Capitals zone.
15:37 of 2nd period - Brent Seabrook is hit by Anthony Stewart and loses puck.
16:40 of 2nd period - Anthony Stewart is hit by Ryan Suter and loses puck.
16:43 of 2nd period - Penalty to Joe Thornton is over, Joe Thornton is back on ice.
17:15 of 2nd period - Slapshot by Tobias Enstrom.
17:15 of 2nd period - Deflect By Jordan Caron.
17:15 of 2nd period - Shot Hit the Post.
17:15 of 2nd period - Puck is out of play.
17:16 of 2nd period - Mikko Koivu wins face-off versus Tyler Bozak in Capitals zone.
17:16 of 2nd period - Mikko Koivu is hit by Jordan Caron.
17:41 of 2nd period - Johnny Gaudreau is hit by Brent Burns.
18:02 of 2nd period - Slapshot by Joe Thornton.
18:02 of 2nd period - Shot Misses the Net.
18:04 of 2nd period - Wrist shot by Joe Thornton.
18:04 of 2nd period - Deflect By Joe Pavelski.
18:04 of 2nd period - Stopped by Keith Kinkaid without a rebound.
18:05 of 2nd period - Riley Sheahan wins face-off versus Joe Thornton in Devils zone.
18:05 of 2nd period - Riley Sheahan is hit by Joe Thornton.
18:25 of 2nd period - Wrist shot by Riley Sheahan.
18:25 of 2nd period - Shot Blocked by Justin Faulk.
18:27 of 2nd period - Slapshot by Tobias Enstrom.
18:27 of 2nd period - Stopped by Tuukka Rask without a rebound.
18:28 of 2nd period - Tyler Seguin wins face-off versus Patrick Sharp in Capitals zone.
18:53 of 2nd period - Brent Seabrook is hit by Ladislav Smid and loses puck.
19:33 of 2nd period - Off-side.
19:34 of 2nd period - Mikko Koivu wins face-off versus Tyler Bozak in neutral zone.
19:37 of 2nd period - Anthony Stewart is hit by Blake Wheeler and loses puck.
19:42 of 2nd period - Snap shot by Ondrej Palat.
19:42 of 2nd period - Shot Blocked by Travis Hamonic.
19:44 of 2nd period - Slapshot by Brent Burns.
19:44 of 2nd period - Goal by Brent Burns - Capitals : 4 - Devils : 0.
19:45 of 2nd period - Tyler Seguin wins face-off versus Joe Thornton in neutral zone.
19:48 of 2nd period - Brent Burns is hit by Brady Skjei.
Goals for this period are 2 for Capitals vs 0 for Devils.
Shots for this period are 13 for Capitals vs 5 for Devils.
3rd period
0:01 of 3rd period - Tyler Seguin wins face-off versus Joe Thornton in neutral zone.
0:06 of 3rd period - Slapshot by Johnny Gaudreau.
0:06 of 3rd period - Shot Misses the Net.
0:11 of 3rd period - Thomas Vanek is hit by Brady Skjei.
0:28 of 3rd period - Minor Penalty to Brent Seabrook for Tripping.
0:29 of 3rd period - Joe Thornton wins face-off versus Johnny Gaudreau in Capitals zone.
0:55 of 3rd period - Josh Manson is hit by Shea Weber and loses puck.
1:04 of 3rd period - Snap shot by Kellan Lain.
1:04 of 3rd period - Shot Misses the Net.
1:17 of 3rd period - Icing by Tobias Enstrom.
1:18 of 3rd period - Joe Pavelski wins face-off versus Tyler Seguin in Devils zone.
1:21 of 3rd period - Slapshot by Jason Pominville.
1:21 of 3rd period - Shot Misses the Net.
1:27 of 3rd period - Snap shot by Jason Pominville.
1:27 of 3rd period - Goal by Jason Pominville - Capitals : 5 - Devils : 0.
1:28 of 3rd period - Joe Thornton wins face-off versus Tyler Seguin in neutral zone.
2:28 of 3rd period - Penalty to Brent Seabrook is over, Brent Seabrook is back on ice.
3:44 of 3rd period - Ondrej Palat is hit by Travis Hamonic and loses puck.
4:33 of 3rd period - Slapshot by Ryan Getzlaf.
4:33 of 3rd period - Shot Blocked by Tobias Enstrom.
4:41 of 3rd period - Snap shot by Jason Pominville.
4:41 of 3rd period - Shot Misses the Net.
4:47 of 3rd period - Minor Penalty to Shea Weber for Hooking.
4:48 of 3rd period - Riley Sheahan wins face-off versus Joe Thornton in Devils zone.
4:48 of 3rd period - Riley Sheahan is hit by Thomas Vanek.
5:41 of 3rd period - Off-side.
5:42 of 3rd period - Joe Thornton wins face-off versus Riley Sheahan in neutral zone.
6:47 of 3rd period - Penalty to Shea Weber is over, Shea Weber is back on ice.
6:57 of 3rd period - Minor Penalty to Brady Skjei for High sticking.
6:58 of 3rd period - Joe Thornton wins face-off versus Riley Sheahan in Devils zone.
7:03 of 3rd period - Snap shot by Thomas Vanek.
7:03 of 3rd period - Stopped by Keith Kinkaid without a rebound.
7:04 of 3rd period - Joe Thornton wins face-off versus Riley Sheahan in Devils zone.
8:57 of 3rd period - Penalty to Brady Skjei is over, Brady Skjei is back on ice.
9:15 of 3rd period - Off-side.
9:16 of 3rd period - Tyler Bozak wins face-off versus Ryan Nugent-Hopkins in neutral zone.
10:10 of 3rd period - Snap shot by Kellan Lain.
10:10 of 3rd period - Goal by Kellan Lain - Capitals : 5 - Devils : 1.
10:11 of 3rd period - Joe Thornton wins face-off versus Tyler Seguin in neutral zone.
10:37 of 3rd period - Riley Sheahan is hit by Ryan Getzlaf and loses puck.
11:10 of 3rd period - Snap shot by Kevin Porter.
11:10 of 3rd period - Deflect By Jordan Caron.
11:10 of 3rd period - Stopped by Tuukka Rask with a rebound.
11:31 of 3rd period - Tyler Seguin is hit by Jeff Skinner and loses puck.
11:42 of 3rd period - Snap shot by Joe Pavelski.
11:42 of 3rd period - Stopped by Keith Kinkaid with a rebound.
11:50 of 3rd period - Slapshot by Tyler Bozak.
11:50 of 3rd period - Stopped by Tuukka Rask with a rebound.
11:52 of 3rd period - Snap shot by Tyler Bozak.
11:52 of 3rd period - Stopped by Tuukka Rask with a rebound.
12:41 of 3rd period - Johnny Gaudreau is hit by Brent Burns and loses puck.
13:06 of 3rd period - Slapshot by Brady Skjei.
13:06 of 3rd period - Shot Blocked by Joe Thornton.
13:14 of 3rd period - Slapshot by Josh Manson.
13:14 of 3rd period - Shot Misses the Net.
13:28 of 3rd period - Slapshot by Brady Skjei.
13:28 of 3rd period - Stopped by Tuukka Rask without a rebound.
13:29 of 3rd period - Ryan Getzlaf wins face-off versus Riley Sheahan in Capitals zone.
13:39 of 3rd period - Wrist shot by Riley Sheahan.
13:39 of 3rd period - Deflect By Marian Hossa.
13:39 of 3rd period - Shot Blocked by Ryan Suter.
13:39 of 3rd period - Puck is out of play.
13:40 of 3rd period - Tyler Seguin wins face-off versus Joe Thornton in Capitals zone.
14:25 of 3rd period - Blake Wheeler is hit by Jordan Caron and loses puck.
15:30 of 3rd period - Off-side.
15:31 of 3rd period - Ryan Nugent-Hopkins wins face-off versus Riley Sheahan in neutral zone.
15:38 of 3rd period - Brian McGrattan is hit by Marian Hossa and loses puck.
15:47 of 3rd period - Slapshot by Marian Hossa.
15:47 of 3rd period - Stopped by Tuukka Rask without a rebound.
15:48 of 3rd period - Joe Thornton wins face-off versus Tyler Seguin in Capitals zone.
15:48 of 3rd period - Joe Thornton is hit by Tyler Seguin.
16:05 of 3rd period - Tobias Enstrom is hit by Joe Pavelski and loses puck.
16:26 of 3rd period - Snap shot by Blake Wheeler.
16:26 of 3rd period - Shot Misses the Net.
16:28 of 3rd period - Wrist shot by Blake Wheeler.
16:28 of 3rd period - Stopped by Keith Kinkaid without a rebound.
16:29 of 3rd period - Gabriel Landeskog wins face-off versus Ryan Getzlaf in Devils zone.
16:36 of 3rd period - Jason Pominville is hit by Riley Sheahan and loses puck.
17:01 of 3rd period - Snap shot by Brady Skjei.
17:01 of 3rd period - Stopped by Tuukka Rask without a rebound.
17:02 of 3rd period - Tyler Bozak wins face-off versus Joe Thornton in Capitals zone.
17:34 of 3rd period - Slapshot by Nick Leddy.
17:34 of 3rd period - Stopped by Keith Kinkaid with a rebound.
17:36 of 3rd period - Slapshot by Josh Manson.
17:36 of 3rd period - Shot Misses the Net.
17:56 of 3rd period - Wrist shot by Riley Sheahan.
17:56 of 3rd period - Shot Blocked by Nick Leddy.
18:57 of 3rd period - Brent Burns is hit by Anthony Stewart and loses puck.
19:12 of 3rd period - Gabriel Landeskog is hit by Joe Thornton and loses puck.
19:17 of 3rd period - Wrist shot by Joe Pavelski.
19:17 of 3rd period - Stopped by Keith Kinkaid without a rebound.
19:18 of 3rd period - Joe Thornton wins face-off versus Tyler Seguin in Devils zone.
19:29 of 3rd period - Snap shot by Viktor Arvidsson.
19:29 of 3rd period - Deflect By Tyler Seguin.
19:29 of 3rd period - Stopped by Tuukka Rask with a rebound.
19:31 of 3rd period - Slapshot by Johnny Gaudreau.
19:31 of 3rd period - Shot Blocked by Joe Pavelski.
19:52 of 3rd period - Wrist shot by Ryan Getzlaf.
19:52 of 3rd period - Stopped by Keith Kinkaid with a rebound.
Goals for this period are 1 for Capitals vs 1 for Devils.
Shots for this period are 7 for Capitals vs 8 for Devils.
Back to the Top